 Dungeon Crawl Stone Soup version 0.32-a0-42-ga30500b4d3 (webtiles) character file.

Game seed: 11322490679552494122

151 demibob the Slasher (level 5, -4/60 (61) HPs)
             Began as a Demonspawn Chaos Knight on Feb 2, 2024.
             Was a Plaything of Xom.
             Slain by Crazy Yiuf
             ... wielding a +4 quarterstaff of chaos
              (6 damage)
             ... on level 3 of the Dungeon.
             The game lasted 00:02:48 (2093 turns).

demibob the Slasher (Demonspawn Chaos Knight)       Turns: 2093, Time: 00:02:49

HP:   -4/60 (61)    AC: 22    Str: 14    XL:     5   Next: 10%
MP:   0/5           EV:  2    Int: 12    God:    Xom [..*...]
Gold: 108           SH:  0    Dex: 13    Spells: 4/4 levels left

rFire   . . .        a - +0 falchion (chaos)
rCold   . . .        (no shield)
rNeg    . . .        b - melded +2 leather armour
rPois   +            (helmet currently unavailable)
rElec   .            (cloak currently unavailable)
rCorr   .            (gloves currently unavailable)
SInv    .            j - melded +0 pair of boots
Will    .....        (no amulet)
Stlth   +            (no ring)
HPRegen 0.30/turn    (no ring)
MPRegen 0.09/turn

%: no passive effects
@: mighty, lethally poisoned (-4 -> -7), tree-form, lightly drained
A: stationary, stasis, torment immunity, boosted hp, (slimy green scales 2),
demonic guardian 1
a: Renounce Religion


You were on level 3 of the Dungeon.
You worshipped Xom.
You were a toy of Xom.
You were a tree.
You visited 1 branch of the dungeon, and saw 3 of its levels.

You collected 108 gold pieces.


Innate Abilities, Weirdness & Mutations

You are a tree.
Your roots penetrate the ground, keeping you stationary.
You cannot be teleported.
You are immune to unholy pain and torment.
Your maximum health is greatly increased.
Your equipment is partially melded.
((You are mostly covered in slimy green scales. (AC +3)))
A weak demonic guardian rushes to your aid.


   Skills:
 - Level 3.0 Fighting
 + Level 5.3 Long Blades
 - Level 1.7 Armour
 - Level 0.8 Dodging


You had 4 spell levels left.
You didn't know any spells.
Your spell library contained the following spells:

 Spells                   Type           Power      Damage    Failure   Level
 Conjure Ball Lightning   Conj/Air       0%         3x3d6     100%        6
 Haunt                    Necr/Summ      0%         N/A       100%        7
 Borgnjor's Revivificati  Necr           0%         N/A       100%        8
 Discord                  Hex            0%         N/A       100%        8
 Disjunction              Tloc           0%         N/A       100%        8
 Chain Lightning          Conj/Air       0%         N/A       100%        9
 Death's Door             Necr           0%         N/A       100%        9
 Fire Storm               Conj/Fire      0%         5d1       100%        9
 Shatter                  Erth           0%         3d5*      100%        9

Inventory:

Hand Weapons
 a - a +0 falchion of chaos (weapon)
Armour
 b - a +2 leather armour (melded)
 j - a +0 pair of boots (melded)
Scrolls
 c - a scroll of butterflies
 d - 5 scrolls of teleportation {@r2}
 o - 3 scrolls of poison {unknown}
Potions
 e - a potion of degeneration {unknown}
 g - a potion of attraction {unknown}
 h - 2 potions of lignification
 i - a potion of curing {unknown}
 k - a potion of mutation
 l - a potion of ambrosia {unknown}

Dungeon Overview and Level Annotations

Branches:
Dungeon (3/15)

Altars:
Qazlal

Annotations:
D:3 Crazy Yiuf

###### #####
#.....
##...#####
#....^
#....)...#
#.....
#.b).###.#
#.....
#bb..# #.#
##.....
♣5♣.P♣
#.####......
#### ♣♣gP§♣
#)..†.......
######..#
♣♣§♣♣
#..####.....
#.>.....#
♣♣§♣ ####
#.....
#.......#
♣.♣♣
####.....
#.......#
♣♣§♣
#.......# ##
#.......#
♣.♣♣
#.......#
.###.......#
▒'▒
#.......#
...#.......#
...
#.......#


You could see Crazy Yiuf (fast, ally target) and a friendly white imp
(summoned).


Message History

You feel sick.
Crazy Yiuf says, "The present is the child, and the necessary child, of all the past, and the mother of all the future."
Crazy Yiuf closely misses you.
You completely miss Crazy Yiuf.
Crazy Yiuf is severely wounded.
You feel sick. Crazy Yiuf barely misses you.
You hit Crazy Yiuf. You freeze Crazy Yiuf.
Crazy Yiuf is almost dead.
You feel sick. Crazy Yiuf hits you but does no damage.
Crazy Yiuf hits you with a +4 quarterstaff of chaos!
* * * LOW HITPOINT WARNING * * *
A shower of butterflies erupts from you!
Crazy Yiuf freezes you.
* * * LOW HITPOINT WARNING * * *
It was a potion of lignification.
You turn into a tree.
Your +0 pair of boots melds into your body.
Your +2 leather armour melds into your body.
Your roots penetrate the ground.
You feel sick.
Crazy Yiuf screams, "Defame!"
Crazy Yiuf hits you with a +4 quarterstaff of chaos!
* * * LOW HITPOINT WARNING * * *
A demonic guardian appears!
You feel your power leaking away. Crazy Yiuf hits you but does no damage.
It was a potion of might.
You feel very mighty all of a sudden.
* * * LOW HITPOINT WARNING * * *
You feel sick.
Crazy Yiuf hits you with a +4 quarterstaff of chaos.
You die...

Skill      XL: |  1  2  3  4 |
---------------+-------------+-----
Long Blades    | 3 4 5 |  5.3
Fighting       | |  3.0
Armour         | |  1.7
Dodging        | |  0.8

Action                     |  1- 3 |  4- 6 || total
---------------------------+-------+-------++-------
  Melee: Falchion          |   127 |    63 ||   190
         Punch             |     2 |       ||     2
    Use: Scroll            |     4 |     1 ||     5
         Potion            |       |     3 ||     3
   Stab: Confused          |     1 |     1 ||     2
         Sleeping          |     1 |       ||     1
 Armour: Leather armour    |    72 |    43 ||   115
         Skin              |       |     3 ||     3
  Dodge: Dodged            |    75 |    45 ||   120

Levels and vault maps discovered:
D:1:      mrwooster_arrival_statue, layout_basic
D:2:      layout_loops_ring, chequers_ecumenical_altar_lobes, basic_altar,
          minmay_misc_feat_cross
D:3:      layout_rooms, uniq_jessica, uniq_crazy_yiuf_cottage

Notes
Turn   | Place    | Note
-------+----------+-------------------------------------------
     0 | D:1      | demibob the Demonspawn Chaos Knight began the quest for the
                  | Orb.
     0 | D:1      | Reached XP level 1. HP: 18/18 MP: 1/1
    69 | D:1      | XOM: silly message
    75 | D:1      | Reached skill level 3 in Long Blades
    97 | D:1      | Gained mutation: You are partially covered in slimy green
                  | scales. (AC +2) [demonic ancestry]
    97 | D:1      | Reached XP level 2. HP: 24/24 MP: 2/2
   455 | D:1      | Reached XP level 3. HP: 29/29 MP: 3/3
   646 | D:1      | Reached skill level 4 in Long Blades
   903 | D:2      | XOM: 5-stop teleportation journey
   937 | D:2      | Found a stormy altar of Qazlal.
  1299 | D:2      | XOM: silly message
  1328 | D:2      | Found a faded altar of an unknown god.
  1412 | D:3      | Noticed Jessica
  1420 | D:2      | XOM: summons friendly quasit
  1423 | D:2      | Gained mutation: You are mostly covered in slimy green
                  | scales. (AC +3) [demonic ancestry]
  1423 | D:2      | Reached XP level 4. HP: 19/35 MP: 4/4
  1542 | D:3      | Killed Jessica
  1616 | D:3      | Reached skill level 5 in Long Blades
  1794 | D:3      | Gained mutation: A weak demonic guardian rushes to your
                  | aid. [demonic ancestry]
  1794 | D:3      | Reached XP level 5. HP: 36/41 MP: 5/5
  1876 | D:3      | XOM: silly message
  2027 | D:3      | Found a runed translucent door.
  2028 | D:3      | Noticed Crazy Yiuf
  2078 | D:3      | Paralysed by Crazy Yiuf for 1 turns
  2087 | D:3      | XOM: smoke on damage
  2091 | D:3      | XOM: butterfly on damage
  2092 | D:3      | HP: 2/60 [Crazy Yiuf/+4 quarterstaff of chaos (10)]
  2093 | D:3      | Slain by Crazy Yiuf

Vanquished Creatures
  Jessica (D:3)
  2 adders (D:3)
  3 ribbon worms
  3 dart slugs (D:1)
  8 ball pythons
  2 endoplasms (D:1)
  3 giant cockroaches
  9 hobgoblins
  2 jackals (D:1)
  2 quokkas (D:2)
  7 bats
  A frilled lizard (D:3)
  8 goblins
  7 kobolds
  7 rats
65 creatures vanquished.

Vanquished Creatures (collateral kills)
  An iguana (D:2)
1 creature vanquished.

Vanquished Creatures (others)
  An adder zombie (D:3)
1 creature vanquished.

Grand Total: 67 creatures vanquished

Table legend: (Time is in decaauts)
 A = Elapsed time spent in this place.
 B = Non-inter-level travel time spent in this place.
 C = Inter-level travel time spent in this place.
 D = Time resting spent in this place.
 E = Time spent auto-exploring this place.
 F = Levels seen in this place.
 G = Mean time per level.
                   A        B        C        D        E       F      G
               +--------+--------+--------+--------+--------+-----+--------+
         Total |   2111 |   2091 |     20 |    106 |   1543 |   3 |  703.7 |
       Dungeon |   2111 |   2091 |     20 |    106 |   1543 |   3 |  703.7 |
               +--------+--------+--------+--------+--------+-----+--------+

Top non-repeatable levels by time:
     D:2: 794 daAuts
     D:1: 744 daAuts
     D:3: 572 daAuts

Table legend:
 A = Non-vault XP
 B = Vault XP
 C = Vault XP percentage of total XP
 D = Non-vault monster count
 E = Vault monster count
 F = Vault count percentage of total count
                 A         B        C        D         E       F
            +---------+---------+-------+---------+---------+-------
      Total |     179 |      37 |  17.1 |      65 |       1 |   1.5
            +---------+---------+-------+---------+---------+-------
        D:1 |      54 |       0 |   0.0 |      30 |       0 |   0.0
        D:2 |      63 |       0 |   0.0 |      17 |       0 |   0.0
        D:3 |      62 |      37 |  37.4 |      18 |       1 |   5.3
            +---------+---------+-------+---------+---------+-------
